 Dungeon Crawl Stone Soup version 0.30-a0-867-g305f33218d (webtiles) character file.

Game seed: 9966921524143400012

417 cforsyth the Magician (level 6, -4/32 HPs)
             Began as a Deep Elf Earth Elementalist on Mar 10, 2023.
             Slain by an orc warrior
             ... wielding a +0 hand axe
              (14 damage)
             ... on level 4 of the Dungeon.
             The game lasted 00:04:32 (3777 turns).

cforsyth the Magician (Deep Elf Earth Elementalist) Turns: 3777, Time: 00:04:33

Health: -4/32      AC:  4    Str:  5    XL:     6   Next: 61%
Magic:  16/18      EV: 12    Int: 22    God:
Gold:   190        SH:  0    Dex: 15    Spells: 18/19 levels left

rFire   . . .      SeeInvis .    (no weapon)
rCold   . . .      Faith    .    (no shield)
rNeg    . . .      Spirit   .    a - +0 robe
rPois   .          Reflect  .    i - +0 helmet
rElec   .          Rampage  .    (no cloak)
rCorr   .                        l - +0 pair of gloves
Will    .....                    (no boots)
Stlth   ++                       (no amulet)
HPRegen 0.25/turn                (no ring)
MPRegen 0.16/turn                (no ring)

@: about to teleport
A: no striking features
a: no special abilities


You were on level 4 of the Dungeon.
You visited 1 branch of the dungeon, and saw 4 of its levels.

You collected 190 gold pieces.

Inventory:

Armour
 a - a +0 robe (worn)
 i - a +0 helmet (worn)
 l - a +0 pair of gloves (worn)
Jewellery
 r - a ring of resist corrosion
Wands
 t - a wand of mindburst (8)
Scrolls
 c - 5 scrolls of identify {unknown}
 f - a scroll of enchant armour {unknown}
 g - 2 scrolls of magic mapping {unknown}
 j - a scroll of fear {unknown}
 k - a scroll of vulnerability {unknown}
 n - a scroll of torment {unknown}
 o - a scroll of fog {unknown}
 p - 2 scrolls of noise
 s - a scroll of teleportation
 u - a scroll of butterflies {unknown}
Potions
 b - 3 potions of magic
 d - 3 potions of haste
 e - 2 potions of heal wounds {unknown}
 h - 2 potions of might {unknown}
 m - a potion of curing
 q - a potion of brilliance {unknown}


   Skills:
 - Level 2.4 Dodging
 - Level 2.4 Stealth
 + Level 7.0 Spellcasting
 - Level 1.1 Transmutations
 + Level 6.2 Earth Magic


You had 18 spell levels left.
You knew the following spells:

 Your Spells              Type           Power      Damage    Failure   Level
a - Sandblast             Erth           70%        2d15      1%          1

Your spell library contained the following spells:

 Spells                   Type           Power      Damage    Failure   Level
 Passwall                 Tmut/Erth      20%        N/A       2%          2
 Sting                    Tmut/Pois      40%        1d5       7%          1
 Stone Arrow              Conj/Erth      42%        3d9       7%          3
 Ensorcelled Hibernation  Hex/Ice        14%        N/A       12%         2
 Poisonous Vapours        Pois/Air       14%        N/A       12%         2
 Petrify                  Tmut/Erth      24%        N/A       19%         4
 Gell's Gravitas          Tloc           7%         N/A       24%         3
 Swiftness                Air            7%         N/A       24%         3
 Teleport Other           Tloc           7%         N/A       24%         3
 Olgreb's Toxic Radiance  Pois           7%         N/A       63%         4
 Dispersal                Tloc           3%         N/A       100%        6


Dungeon Overview and Level Annotations

Branches:
Dungeon (4/15)
 Temple: D:4-7

Altars:
Ashenzari
Elyvilon

Shops:
D:3 *


Message History

An orc is nearby!
An orc is nearby!
An orc warrior comes into view. It is wielding a +0 hand axe.
The orc warrior moves out of view.
A jackal and an orc priest come into view.
The orc throws a boomerang.
The boomerang hits you.
An orc priest comes into view. It is wielding a +0 short sword.
The orc priest moves out of view.
The blast of sand hits the orc!
You kill the orc!
The orc priest shouts!
The orc priest mumbles some strange prayers to Beogh against you.
Beogh smites you!
The blast of sand hits the orc warrior.
The orc warrior is lightly wounded.
A jackal comes into view.
The jackal moves out of view.
The blast of sand hits the orc warrior.
The orc warrior is moderately wounded.
A jackal comes into view.
The jackal bites you. The orc warrior closely misses you.
The jackal bites you but does no damage.
The orc priest looks encouraged for a moment.
The jackal barks!
As you read the scroll labelled BIOTWOIRUMM, it crumbles to dust.
You hear a loud clanging noise!
It was a scroll of noise.
You hear a shout!
You hear an angry hiss.
The jackal bites you but does no damage.
The orc warrior barely misses you. The jackal barely misses you. x2
As you read the scroll labelled HIONKE CORU, it crumbles to dust.
You feel strangely unstable.
It was a scroll of teleportation.
The jackal closely misses you.
The jackal bites you but does no damage.
The orc warrior closely misses you.
The orc priest calls down the wrath of Beogh upon you.
Beogh smites you!
The orc warrior attacks as you move away!
The orc warrior hits you with a +0 hand axe!
You die...

.##.#......>.#...#...#...#...#...
.##.#.##.......#...#...#...#...#.
.#....##.....#...#...#...#...#.
...............#..o#...#
.............#...#...#..
#.....###......#..)#...# ##....#
##.......#oo.# ####.# #....ohhh#
#.# ##....@##..# #.#######...##
#..........## ############


You could see an orc warrior, 2 orc priests and 3 jackals.

Vanquished Creatures
  2 hounds (D:4)
  An orc priest (D:4)
  Ijyb (D:4)
  An orc wizard (D:3)
  Robin (D:4)
  5 adders
  10 gnolls
  2 dart slugs
  9 orcs
  6 bats
  11 endoplasms
  3 giant cockroaches
  13 hobgoblins
  8 jackals
  3 quokkas
  9 ball pythons
  3 frilled lizards (D:2)
  9 goblins
  11 kobolds
  5 rats
113 creatures vanquished.

Notes
Turn   | Place    | Note
-------+----------+-------------------------------------------
     0 | D:1      | cforsyth the Deep Elf Earth Elementalist began the quest
                  | for the Orb.
     0 | D:1      | Reached XP level 1. HP: 10/10 MP: 6/6
   264 | D:1      | Reached XP level 2. HP: 15/15 MP: 5/8
   866 | D:2      | Reached skill level 4 in Spellcasting
   868 | D:2      | Reached XP level 3. HP: 19/19 MP: 4/10
  1329 | D:2      | Found a faded altar of an unknown god.
  1476 | D:2      | Reached XP level 4. HP: 24/24 MP: 10/12
  1487 | D:2      | Reached skill level 5 in Spellcasting
  2094 | D:3      | Reached skill level 5 in Earth Magic
  2094 | D:3      | Reached XP level 5. HP: 28/28 MP: 12/14
  2212 | D:3      | Found a broken altar of Ashenzari.
  2446 | D:3      | Found Dehilie's General Store.
  2453 | D:3      | Reached skill level 6 in Spellcasting
  2987 | D:4      | Reached XP level 6. HP: 32/32 MP: 13/17
  3242 | D:4      | Noticed Ijyb
  3242 | D:4      | Noticed Robin
  3258 | D:4      | Killed Robin
  3299 | D:4      | Killed Ijyb
  3614 | D:4      | Found a white marble altar of Elyvilon.
  3697 | D:4      | Reached skill level 7 in Spellcasting
  3769 | D:4      | Noticed an orc warrior
  3777 | D:4      | Slain by an orc warrior

Illustrated notes

Levels and vault maps discovered:
D:1:      lemuel_arrival_room, layout_loops_ring, minivault_5
D:2:      minmay_diamond_boxcup, layout_basic,
          hellmonk_ecumenical_altar_arch_garden
D:3:      layout_basic, mainiacjoe_overflow_boulevard, serial_shops, shop
D:4:      layout_loops_ring, nicolae_elyvilon_peaceful_grove, hex_large,
          nicolae_goblin_pals

Skill      XL: |  1  2  3  4  5  6 |
---------------+-------------------+-----
Spellcasting   | 4 5 6 7 |  7.0
Earth Magic    | 4 5 6 |  6.2
Dodging        | |  2.4
Stealth        | |  2.4
Transmutations | |  1.1

Action                     |  1- 3 |  4- 6 || total
---------------------------+-------+-------++-------
   Cast: Sandblast         |    40 |   105 ||   145
    Use: Scroll            |       |     2 ||     2
         Potion            |       |     1 ||     1
 Armour: Robe              |       |    16 ||    16
  Dodge: Dodged            |     4 |    32 ||    36

Table legend: (Time is in decaauts)
 A = Elapsed time spent in this place.
 B = Non-inter-level travel time spent in this place.
 C = Inter-level travel time spent in this place.
 D = Time resting spent in this place.
 E = Time spent auto-exploring this place.
 F = Levels seen in this place.
 G = Mean time per level.
                   A        B        C        D        E       F      G
               +--------+--------+--------+--------+--------+-----+--------+
         Total |   3849 |   3746 |    103 |      4 |   3251 |   4 |  962.2 |
       Dungeon |   3849 |   3746 |    103 |      4 |   3251 |   4 |  962.2 |
               +--------+--------+--------+--------+--------+-----+--------+

Top non-repeatable levels by time:
     D:2: 1222 daAuts
     D:3: 997 daAuts
     D:4: 838 daAuts
     D:1: 791 daAuts
